 Dungeon Crawl Stone Soup version 0.31-a0-208-gdb31a4691d (webtiles) character file.

Game seed: 6734693980909640166

1031 lunkers the Slicer (level 8, -2/59 HPs)
             Began as a Meteoran Wanderer on June 28, 2023.
             Was an Initiate of Ru.
             Slain by a wight
             ... wielding a +0 long sword
              (12 damage)
             ... on level 6 of the Dungeon.
             The game lasted 00:04:28 (1831 turns).

lunkers the Slicer (Meteoran Wanderer)              Turns: 1831, Time: 00:04:29

Health: -2/59      AC: 12    Str: 12    XL:     8   Next: 76%
Magic:  11/11      EV:  8    Int: 13    God:    Ru [......]
Gold:   128        SH:  3    Dex: 14    Spells: 8/9 levels left

rFire   . . .        b - +3 dagger (drain)
rCold   . . .        a - +0 buckler
rNeg    . . .        d - +2 scale mail
rPois   .            (no helmet)
rElec   .            (no cloak)
rCorr   .            (no gloves)
SInv    .            f - +2 pair of boots {Fly}
Will    +....        (no amulet) Stlth
                     (no ring)
HPRegen 0.29/turn    (no ring)
MPRegen 0.12/turn

%: no passive effects
@: flying, glowing
A: dopey 1, sense surroundings 1, otherworldly, glowing, explore regen, passive
freeze, weak 1
a: Renounce Religion


You were on level 6 of the Dungeon.
You worshipped Ru.
Ru was noncommittal.
You visited 1 branch of the dungeon, and saw 6 of its levels.

You collected 128 gold pieces.

Inventory:

Hand Weapons
 b - a +3 dagger of draining (weapon)
Missiles
 g - a throwing net
Armour
 a - a +0 buckler (worn)
 d - a +2 scale mail (worn)
 f - a +2 pair of boots of flying (worn)
Wands
 o - a wand of mindburst (16)
Scrolls
 c - a scroll of fog
 n - 2 scrolls of enchant weapon
Potions
 h - a potion of cancellation
 i - 2 potions of attraction
 j - a potion of ambrosia
 k - a potion of lignification {unknown}
 l - a potion of curing
 p - 2 potions of magic
Miscellaneous
 e - a piece from Xom's chessboard (15/15)


   Skills:
 + Level 1.6 Fighting
 - Level 10.0 Short Blades
 + Level 5.0 Armour
 - Level 1.0 Stealth
 - Level 1.3 Spellcasting
 - Level 1.2 Conjurations
 - Level 2.4 Evocations


You had 8 spell levels left.
You knew the following spells:

 Your Spells              Type           Power      Damage    Failure   Level
p - Kiss of Death         Conj/Necr      8%         2d6       82%         1

Your spell library contained the following spells:

 Spells                   Type           Power      Damage    Failure   Level
 Stone Arrow              Conj/Erth      4%         3d7       99%         3
 Leda's Liquefaction      Hex/Erth       0%         N/A       100%        4
 Lee's Rapid Deconstruct  Erth           0%         3d4*      100%        5
 Leda's Unmaking          Conj/Erth      1%         9d1       100%        6
 Statue Form              Tmut/Erth      0%         N/A       100%        6


Dungeon Overview and Level Annotations

Branches:
Dungeon (6/15) Zot: 1838   Temple (0/1) D:6

Altars:
Ru

Shops:
D:1 [


Innate Abilities, Weirdness & Mutations

You are dopey. (Int -2)
You passively map a small area around you.
You are easily found by Zot.
You glow in the dark.
You regain HP and MP as you explore.
A frigid envelope surrounds you and freezes all who hurt you.
You are weak. (Str -2)


Message History

Unknown command.
You hit the wight.
The wight is almost destroyed.
The wight hits you but does no damage.
Unknown command.
You barely miss the wight.
The wight is almost destroyed.
Unknown command.
You hit the wight.
The wight is almost destroyed.
The wight misses you.
Unknown command.
You hit the wight.
The wight is almost destroyed.
Unknown command.
You barely miss the wight.
The wight is almost destroyed.
The wight closely misses you.
Unknown command.
You completely miss the wight.
The wight is almost destroyed.
The wight hits you with a +0 hand axe!
* * * LOW HITPOINT WARNING * * *
The wight completely resists.
You hit the wight.
You destroy the wight!
Training target 10.0 for Short Blades reached!
Your Short Blades skill increases to level 10!
You need to enable at least one skill for training.
Aiming: Mindburst
Press: ? - help, Shift-Dir - straight line, f - wight
Aim: a wight, wielding a +5 falchion of freezing and wearing a +0 robe (lightly damaged, chance to affect: 74%)
The wight's mind is blasted!!
You blow up the wight!
Your life force feels restored.
Your Armour skill increases to level 5!
You barely miss the wight.
The wight is moderately damaged.
The wight hits you with a +0 long sword!
You die...

..#........,,,,,,******
..#........,,,,,,* *****
..####+########+** **###*,,,,
...#,,,,,.......,* *...,.,,,,
...#,,,,,.......,* ####.##..,,,,
...#,,,,,.......,* ##........,,,,
...#,,,,,.......*###.?..#.#..,,,,
...#,,,,,.......##.....#.#.#.,,,,
...#,,,,,.......@z).†.#.#.#.#,,,,
..##,,,**#......##.....#.>.#.,,,,
..##**+*##########....#.#.#.#,,,,
...#,,,,........'......#.#.#.,,,,
...#,,,,........#.......#.#..,,,,
...#,,,,........##...........,,,*
...#,,,,........##...########,,,*
...#,,,,.........#.....#,,,,,,,,,
...#,,,,...............#,,,,,,,,,


You could see a wight.

Vanquished Creatures
  Sigmund (D:3)
  A black bear (D:5)
  An ogre (D:5)
  A centaur (D:6)
  A phantom (D:4)
  2 scorpions (D:6)
  3 wights (D:6)
  A hound (D:5)
  A jelly (D:6)
  An iguana (D:4)
  Natasha (D:2)
  An orc wizard (D:3)
  4 adders
  An ufetubus (D:4)
  2 worms (D:3)
  A dart slug (D:2)
  12 orcs (D:3)
  3 ball pythons
  8 endoplasms
  4 giant cockroaches
  3 goblins
  9 hobgoblins
  9 jackals
  3 kobolds
  A quokka (D:4)
  3 bats (D:1)
  A frilled lizard (D:2)
  2 rats
81 creatures vanquished.

Notes
Turn   | Place    | Note
-------+----------+-------------------------------------------
     0 | D:1      | lunkers the Meteoran Wanderer began the quest for the Orb.
     0 | D:1      | lunkers set off with the following items: a +0 dagger, a
                  | piece from Xom's chessboard (15/15), a scroll of fog, a +2
                  | scale mail; and the following spell memorised: Kiss of
                  | Death; and the following spells available to memorise:
                  | Stone Arrow.
     0 | D:1      | Reached XP level 1. HP: 16/16 MP: 3/3
    50 | D:1      | Reached skill level 1 in Short Blades
    69 | D:1      | Reached XP level 2. HP: 18/23 MP: 5/5
   248 | D:1      | Reached skill level 2 in Short Blades
   362 | D:1      | Found Asseo's Armour Boutique.
   435 | D:2      | Reached XP level 3. HP: 27/28 MP: 6/6
   543 | D:2      | Reached skill level 3 in Short Blades
   737 | D:2      | Noticed Natasha
   749 | D:2      | Killed Natasha
   750 | D:2      | Reached XP level 4. HP: 33/35 MP: 7/7
   781 | D:3      | Found a sacrificial altar of Ru.
   781 | D:3      | Noticed Sigmund
   796 | D:3      | Became a worshipper of Ru the Awakened
   803 | D:3      | Gained mutation: You have hidden genetic defects. [potion
                  | of mutation]
   803 | D:3      | Gained mutation: A frigid envelope surrounds you and
                  | freezes all who hurt you. [potion of mutation]
   820 | D:3      | Killed Sigmund
   821 | D:3      | Reached skill level 4 in Short Blades
   821 | D:3      | Reached skill level 6 in Short Blades
   821 | D:3      | Reached XP level 5. HP: 33/40 MP: 8/8
   821 | D:3      | Reached XP level 6. HP: 39/47 MP: 9/9
   837 | D:3      | Gained mutation: You are dopey. (Int -2) [hidden defects]
   869 | D:3      | Found a faded altar of an unknown god.
   886 | D:3      | Gained mutation: You are weak. (Str -2) [hidden defects]
   886 | D:3      | Lost mutation: You have hidden genetic defects. [hidden
                  | defects expressed]
  1191 | D:4      | Reached XP level 7. HP: 52/52 MP: 10/10
  1252 | D:4      | Reached skill level 7 in Short Blades
  1437 | D:5      | Entered Level 5 of the Dungeon
  1467 | D:5      | Mutation became permanent: You are dopey. (Int -2) [Ru
                  | sacrifice]
  1467 | D:5      | Gained mutation: You are dopey. (Int -2) [Ru sacrifice]
  1555 | D:5      | Reached skill level 8 in Short Blades
  1575 | D:5      | Reached XP level 8. HP: 59/59 MP: 11/11
  1665 | D:6      | Reached skill level 9 in Short Blades
  1774 | D:6      | Found a staircase to the Ecumenical Temple.
  1830 | D:6      | Reached skill level 10 in Short Blades
  1831 | D:6      | Reached skill level 5 in Armour
  1831 | D:6      | Slain by a wight

Illustrated notes

Levels and vault maps discovered:
D:1:      amcnicky_arrival_wind_blow, layout_loops_ring, serial_shops, shop
D:2:      layout_loops_cross, uniq_natasha
D:3:      layout_loops_cross, nicolae_ru_awakened_eye,
          shapermc_ecumenical_altar_venn, uniq_ijyb, uniq_sigmund
D:4:      layout_basic
D:5:      layout_loops_cross, serial_bayou, serial_bayou_crossing,
          serial_bayou_lake_a, serial_bayou_lagoon_a, serial_bayou_ford_a,
          uniq_menkaure
D:6:      layout_gridville, minmay_temple_entry_grid,
          hangedman_abyss_or_decor_stagger, grunt_decor_clamped,
          kennysheep_diamond

Skill      XL: |  1  2  3  4  5  6  7  8 |
---------------+-------------------------+-----
Short Blades   | 1 2 3 6 8 10 | 10.0
Armour         | 5 |  5.0
Fighting       | |  1.6
Stealth        | |  1.0
Spellcasting   | |  1.3
Conjurations   | |  1.2
Evocations     | |  2.4

Action                     |  1- 3 |  4- 6 |  7- 9 || total
---------------------------+-------+-------+-------++-------
  Melee: Dagger            |    82 |    70 |   104 ||   256
         Punch             |       |       |     1 ||     1
 Invoke: Sacrifice Purity  |       |       |     1 ||     1
  Evoke: Wand              |       |       |     1 ||     1
    Use: Scroll            |     1 |     2 |     4 ||     7
         Potion            |       |     2 |       ||     2
 Armour: Scale mail        |    56 |    20 |    43 ||   119
  Dodge: Dodged            |    30 |    19 |    21 ||    70
  Block: Buckler           |       |       |     9 ||     9

Table legend: (Time is in decaauts)
 A = Elapsed time spent in this place.
 B = Non-inter-level travel time spent in this place.
 C = Inter-level travel time spent in this place.
 D = Time resting spent in this place.
 E = Time spent auto-exploring this place.
 F = Levels seen in this place.
 G = Mean time per level.
                   A        B        C        D        E       F      G
               +--------+--------+--------+--------+--------+-----+--------+
         Total |   1761 |   1698 |     63 |      0 |   1216 |   6 |  293.5 |
       Dungeon |   1761 |   1698 |     63 |      0 |   1216 |   6 |  293.5 |
               +--------+--------+--------+--------+--------+-----+--------+

Top non-repeatable levels by time:
     D:2: 387 daAuts
     D:1: 377 daAuts
     D:4: 358 daAuts
     D:3: 270 daAuts
     D:5: 215 daAuts
     D:6: 151 daAuts
